AoeStats
← __Lukas__9

Migration

509580012Analyzed
1v1 RM · 3d ago on Sep 27, 2026· 168m 28s· 2 players
Game mode
Random Map
Map size
132×132
Population
200
Speed
Normal
Resources
Standard
Victory
Conquest
Starting age
Dark Age
Ending age
Imperial Age
RankedLock teamsTeams togetherTeam positionsShared explorationLock speedFull tech treeHidden civsTurbo modeCheats
Victory
Defeat
🇨🇭 Byzantines · Switzerland
804
+18
🇳🇵 Franks · Nepal
838
-29
__Lukas__9
2:07 Loom
12:52 Feudal Age
13:24 Double-Bit Axe
15:48 Wheelbarrow
15:07 Gold Mining
17:16 Fishing Lines
21:23 Castle Age
22:27 Bow Saw
22:56 Gold Shaft Mining
22:04 Horse Collar
22:38 Medium Warships
22:22 Gillnets
23:30 Fletching
23:50 Forging
24:35 Stone Mining
27:00 Stone Shaft Mining
26:42 Heavy Plow
27:51 Siphons
28:08 Ballistics
28:40 Hand Cart
30:04 Pikeman
30:31 Gambesons
31:25 Iron Casting
30:50 Scale Mail Armor
36:41 Imperial Age
35:57 Murder Holes
36:03 Bodkin Arrow
36:08 Padded Archer Armor
35:59 Arson
36:49 Halberdier
38:00 Chain Mail Armor
37:46 Bracer
38:08 Thumb Ring
39:05 Two-Man Saw
39:41 Crop Rotation
44:12 Conscription
46:33 Heavy Warships
50:01 Shipwright
50:39 Greek Fire
52:14 Husbandry
51:35 Light Cavalry
53:22 Hussar
55:02 Scale Barding Armor
55:28 Plate Mail Armor
55:14 Leather Archer Armor
54:23 Crossbowman
54:23 Elite Skirmisher
55:16 Clinker Construction
55:16 Careening
57:47 Block Printing
65:45 Hoardings
65:27 Fortified Wall
65:37 Carvel Hull
65:38 Dry Dock
66:36 Squires
66:59 Chain Barding Armor
67:10 Ring Archer Armor
66:03 Arbalester
72:33 Plate Barding Armor
76:22 Cavalier
76:27 Elite Varangian Guard
84:48 Paladin
97:50 Demolition Ship
99:53 Chemistry
98:41 Arrowslits
101:42 Devotion
101:53 Redemption
103:18 Logistica
107:54 Atonement
108:06 Fervor
108:22 Illumination
108:17 Faith
110:48 Sanctity
111:09 Theocracy
111:14 Guard Tower
126:18 Keep
Kenji
10:31 Feudal Age
13:08 Double-Bit Axe
20:52 Fletching
24:19 Castle Age
22:31 Fishing Lines
23:30 Gold Mining
24:27 Loom
25:16 Forging
25:12 Scale Barding Armor
25:23 Medium Warships
25:08 Gillnets
25:46 Bow Saw
26:16 Gold Shaft Mining
25:48 Husbandry
27:19 Chain Barding Armor
27:35 Iron Casting
31:14 Wheelbarrow
30:25 Town Watch
34:43 Bodkin Arrow
38:56 Imperial Age
36:44 Hand Cart
43:43 Ballistics
44:23 Chemistry
43:34 Masonry
43:32 Siege Engineers
43:13 Arrowslits
45:22 Town Patrol
45:21 Murder Holes
45:39 Masonry
45:53 Heavy Scorpion
48:51 Treadmill Crane
49:41 Architecture
49:27 Clinker Construction
49:28 Careening
50:01 Stone Mining
53:24 Demolition Ship
56:02 Carvel Hull
56:06 Dry Dock
57:21 Conscription
69:21 Pikeman
70:02 Squires
69:50 Gambesons
73:17 Halberdier
74:59 Siphons
76:50 Blast Furnace
75:51 Scale Mail Armor
76:26 Heavy Warships
76:33 Heavy Warships
97:19 Hoardings
100:37 Arson
145:06 Elite Skirmisher
149:05 Padded Archer Armor
149:25 Chain Mail Armor
150:17 Leather Archer Armor
Connection lost

Rejoining the realm…

Still unreachable

The connection could not be restored.

Session expired

The server has moved on; the page needs a fresh start.